 Dungeon Crawl Stone Soup version 0.15-a0-734-g2b8d6ef (webtiles) character file.

135 PolkaDot the Caller (level 4, 0/30 HPs)
             Began as a Mummy Summoner on May 11, 2014.
             Slain by Purgy (3 damage)
             ... in a sewer.
             The game lasted 00:16:29 (4172 turns).

PolkaDot the Caller (Mummy Summoner)                Turns: 4172, Time: 00:16:29

HP   0/30        AC  2     Str 11      XL: 4   Next: 97%
MP   4/8         EV 12     Int 15      God:
Gold 110         SH  0     Dex 12      Spells:  3 memorised,  2 levels left

rFire  x . .     SeeInvis .     b - +2 dagger (speed)
rCold  + . .     Clarity  .     l - +0 robe
rNeg   + + +     Conserve .     (no shield)
rPois  +         rCorr    .     (no helmet)
rElec  .         rRot     +     (no cloak)
SustAb . .       Spirit   .     (no gloves)
rMut   .         Warding  .     (no boots)
Gourm  .         Stasis   .     (no amulet)
MR     .....                    (no ring)
                                (no ring)

@: not resistant to hostile enchantments, unstealthy
A: no food or potions, fire vulnerability, restore body, cold resistance 1, life
protection 3, poison resistance, torment resistance, unbreathing
a: no special abilities


You were in a sewer.
You were not hungry.

You visited 1 branch of the dungeon, and saw 3 of its levels.
You also visited: Sewer.

You collected 110 gold pieces.

Inventory:

Hand weapons
 a - a +0,+0 spear
 b - a +2,+2 dagger of speed (weapon)
Missiles
 f - 2 darts of dispersal
 i - 12 darts of frost (quivered)
 k - 7 darts
Armour
 l - a +0 robe (worn)
Scrolls
 c - a scroll of identify
 d - 6 scrolls of remove curse {unknown}
 e - a scroll of random uselessness
 g - a scroll of fog
Books
 j - a book of Callings

   Spells                             Type                      Level
   *Summon Small Mammal               Summoning                    1
   *Call Imp                          Summoning                    2
   *Call Canine Familiar              Summoning                    3
   Summon Guardian Golem              Hexes/Summoning              4
   Summon Lightning Spire             Summoning/Air                4
   Summon Ice Beast                   Ice/Summoning                4


   Skills:
 - Level 1.1 Throwing
 - Level 1.5 Dodging
 - Level 1.5 Stealth
 + Level 2.9 Spellcasting
 * Level 4.6 Summonings


You had 2 spell levels left.
You knew the following spells:

 Your Spells              Type           Power        Failure   Level  Hunger
a - Summon Small Mammal   Summ           ###.         3%          1    N/A
d - Call Canine Familiar  Summ           ###.....     12%         3    N/A
s - Call Imp              Summ           ###.....     6%          2    N/A

Dungeon Overview and Level Annotations

Branches:
Dungeon (3/15)

Altars:

Annotations:
Sewer Purgy


Innate Abilities, Weirdness & Mutations

You do not eat or drink.
Your flesh is vulnerable to fire.
Your flesh is cold resistant.
You are immune to negative energy.
Your system is resistant to poisons.
You are immune to unholy pain and torment.
You can survive without breathing.


Message History

Purgy barely misses you. x3
Your hound bites Purgy.
You miss Purgy.
Purgy is heavily wounded.
Purgy barely misses you. Purgy misses you. Purgy claws you but does no damage.
Your hound bites Purgy.
You hit Purgy.
Purgy is heavily wounded.
Your hound bites Purgy.
Purgy completely misses you. Purgy closely misses you. Purgy claws you.
* * * LOW HITPOINT WARNING * * *
You miss Purgy.
Purgy is severely wounded.
Your hound bites Purgy.
You closely miss Purgy.
Purgy is severely wounded.
Your hound barely misses Purgy.
Purgy bites you.
* * * LOW HITPOINT WARNING * * *
Purgy claws you.
You die...

##%≈≈≈≈≈≈≈#
#####≈≈≈≈≈≈≈##
#..≈≈≈≈≈≈≈≈≈≈# #
#.#.≈≈≈≈≈≈≈≈≈ ..≈
##..≈≈≈≈≈≈≈≈≈≈ ≈≈≈≈##
#.≈≈≈≈≈≈≈≈≈≈≈#
≈≈≈≈..######≈≈≈≈≈≈≈≈≈≈≈≈
≈≈≈≈≈≈≈.#h##.≈≈≈≈≈≈≈≈≈≈≈
≈≈≈≈≈≈≈≈.≈T@≈≈≈≈≈≈≈≈≈≈≈
≈≈≈≈≈≈≈≈≈≈≈≈≈≈≈≈≈≈≈≈≈≈
≈≈≈≈≈≈≈≈≈≈≈≈≈≈≈≈≈≈≈≈
≈≈≈≈≈≈≈≈≈≈≈≈≈≈≈≈≈≈≈
≈≈≈≈≈≈≈≈≈≈≈≈≈≈≈≈≈≈
≈≈≈≈≈≈≈≈≈≈≈≈≈≈≈≈
#≈≈≈≈≈≈≈#≈≈≈≈≈
≈#≈##≈≈####≈ ###


You could see Purgy and a friendly hound.

Vanquished Creatures
  A big fish (D:3)
  Jessica (D:2)
  3 adders (D:2)
  A worm (D:3)
  A giant gecko (D:1)
  9 bats
  2 goblins
  4 hobgoblins
  3 ball pythons
  3 giant newts
  4 kobolds (D:2)
  4 rats (D:2)
36 creatures vanquished.

Vanquished Creatures (collateral kills)
  2 adders (D:2)
  A giant mite (D:1)
  2 worms (D:2)
  A giant gecko (D:2)
  4 hobgoblins (D:1)
  A quokka (D:2)
  3 bats (D:1)
  2 giant cockroaches (D:1)
  5 goblins
  4 kobolds
  2 rats (D:1)
27 creatures vanquished.

Vanquished Creatures (others)
  A hound (Sewer)
  4 quokkas
  14 bats
  14 rats
33 creatures vanquished.

Grand Total: 96 creatures vanquished

Notes
Turn   | Place    | Note
--------------------------------------------------------------
     0 | D:1      | PolkaDot, the Mummy Summoner, began the quest for the Orb.
     0 | D:1      | Reached XP level 1. HP: 13/13 MP: 3/3
   804 | D:1      | Reached XP level 2. HP: 19/19 MP: 0/4
   843 | D:1      | Learned a level 2 spell: Call Imp
  2101 | D:1      | Reached XP level 3. HP: 17/24 MP: 1/6
  2310 | D:2      | Reached skill level 4 in Summonings
  2919 | D:2      | Learned a level 3 spell: Call Canine Familiar
  3304 | D:2      | Reached skill level 1 in Throwing
  3304 | D:2      | Reached XP level 4. HP: 16/30 MP: 5/8
  3520 | D:2      | Noticed Jessica
  3532 | D:2      | Killed Jessica
  3953 | D:3      | Found a glowing drain.
  4117 | Sewer    | Entered a sewer
  4149 | Sewer    | Noticed Purgy
  4172 | Sewer    | Slain by Purgy

Action                   |  1- 3 |  4- 6 || total
-------------------------+-------+-------++-------
Melee: Unarmed           |    26 |       ||    26
       Dagger            |   126 |    40 ||   166
       Spear             |       |    13 ||    13
Throw: Dart              |     2 |    13 ||    15
 Cast: Summon Small Mamm |    85 |       ||    85
       Call Canine Famil |     2 |     6 ||     8
  Use: Scroll            |       |     4 ||     4
 Stab: Distracted        |     3 |     1 ||     4
       Sleeping          |       |     1 ||     1
